Map: Echo LE (Void)

Players

Amix

  • Race: Zerg Zerg
  • League: Platinum
  • Spawn Location: 11:00

Nozral - Winner!

  • Race: Terran Terran
  • League: Platinum
  • Spawn Location: 5:00

VOD

Have the link to the VOD?

Description

Time

  • Played on: Dec. 21, 2016, 9:33 a.m.
  • Length: 8:46
Show
View Real Time Build Order
Export as new Build Order

Amix Zerg 

Build Orders: Hatch First 

Get SALT Encoding   

  12  0:01  Drone  
  13  0:10  Drone  
  14  0:17  Overlord  
  14  0:24  Extractor  
  14  0:25  Drone  
  15  0:35  Drone x2  
  17  0:56  Hatchery  
  17  0:57  Drone  
  17  1:01  Extractor  
  17  1:02  Drone  
  17  1:17  Spawning Pool  
  16  1:19  Drone  
  16  1:24  Drone  
  18  1:27  Drone  
  19  1:38  Overlord  
  19  1:49  Drone  
  20  1:59  Drone  
  21  2:03  Metabolic Boost  
  21  2:05  Queen  
  23  2:14  Drone x2  
  25  2:17  Queen  
  27  2:24  Zergling x4  
  29  2:43  Baneling Nest  
  28  3:04  Overlord x3  
  28  3:12  Pneumatized Carapace  
  29  3:21  Overlord x4, Queen  
  29  3:26  Evolution Chamber  
  30  3:32  Drone x3  
  33  3:43  Drone x3  
  33  3:44  Drone  
  33  3:48  Zergling x2  
  38  3:55  Queen  
  40  4:05  Zergling x2  
  41  4:10  Zergling x4  
  41  4:11  Zergling x2  
  44  4:19  Queen  
  44  4:22  Zergling x4  
  48  4:25  Zergling x4  
  50  4:46  Zergling x10  
  50  4:47  Zergling x8  
  59  5:01  Zergling x4  
  58  5:31  Zergling x8  
  58  5:32  Zergling x6  
  46  5:55  Zergling x12  
  18  6:39  Hatchery  
  6  7:23  Drone x6  
  12  7:53  Zergling x2  
  13  8:13  Drone x2, Spawning Pool  
Show
View Real Time Build Order
Export as new Build Order

Nozral Terran - Winner!

Build Orders:  

Get SALT Encoding   

  12  0:00  SCV  
  13  0:13  SCV  
  14  0:18  Supply Depot  
  14  0:25  SCV  
  15  0:31  Refinery  
  15  0:39  SCV  
  16  0:45  Barracks  
  16  0:52  SCV  
  17  1:04  SCV  
  18  1:14  Refinery  
  18  1:15  Supply Depot  
  18  1:16  SCV  
  19  1:31  Orbital Command  
  19  1:41  Marine  
  19  1:45  Factory  
  20  1:58  SCV  
  20  1:59  Barracks Reactor  
  20  2:00  Barracks Tech Lab  
  21  2:10  SCV  
  22  2:22  SCV  
  23  2:29  Marine  
  24  2:31  Starport  
  24  2:34  SCV  
  24  2:35  Engineering Bay  
  25  2:44  Stimpack  
  25  2:47  Marauder  
  26  3:03  Barracks  
  26  3:05  Barracks  
  26  3:06  Terran Infantry Weapons Level 1  
  26  3:16  Medivac  
  26  3:19  Marauder  
  30  3:27  Factory Reactor  
  30  3:47  Supply Depot  
  30  3:51  Supply Depot  
  30  3:55  Barracks Reactor  
  30  4:07  Marine  
  30  4:09  Marine, Marauder, Medivac  
  36  4:14  Supply Depot  
  36  4:25  Marine  
  36  4:27  Marine  
  36  4:31  Marauder  
  40  4:33  Marine x2  
  42  4:39  Medivac  
  42  4:43  Marine  
  42  4:44  Marine  
  46  4:47  Supply Depot  
  46  4:51  Marine x2  
  46  4:52  Marauder  
  50  5:01  Marine  
  50  5:02  Marine  
  52  5:09  Marine x2  
  52  5:14  Marauder  
  47  5:37  Marine x2  
  47  5:38  Marine x2  
  47  5:39  Marauder  
  23  7:10  Orbital Command  
  23  7:40  SCV  
  24  7:57  SCV  
  25  7:59  Barracks Tech Lab  
  25  8:00  Barracks Reactor x2  
  25  8:09  SCV  
  26  8:22  SCV  
Tags
 
Add a new tag
Caveats
  • Supply blocks, unpowered buildings, or Contaminate may cause inaccurate times.
  • Supply counts are checked every 10 seconds.